 Dungeon Crawl Stone Soup version 0.27.1-33-g824d729ab1 (webtiles) character file.

Game seed: 343782720172457800

364 Zonian the Chopper (level 6, -6/79 HPs)
             Began as a Hill Orc Fighter on Dec 21, 2021.
             Mangled by an ogre (12 damage)
             ... on level 5 of the Dungeon.
             The game lasted 00:08:29 (4326 turns).

Zonian the Chopper (Hill Orc Fighter)               Turns: 4326, Time: 00:08:30

Health: -6/79      AC: 23    Str: 19    XL:     6   Next: 67%
Magic:  6/6        EV:  2    Int:  8    God:
Gold:   277        SH:  9    Dex: 12    Spells: 5/5 levels left

rFire    + . .     SeeInvis .   a - +0 war axe
rCold    . . .     Faith    .   c - +0 kite shield
rNeg     + + +     Spirit   .   (armour currently unavailable)
rPois    +         Reflect  .   (helmet currently unavailable)
rElec    .         Harm     .   (cloak currently unavailable)
rCorr    .         Rampage  .   (gloves currently unavailable)
Will     +....     NoTele   +   (boots currently unavailable)
Stlth    +.........             (no amulet)
HPRegen  0.23/turn              r - ring of Optimism {Drain Fly rF+ Will+}
MPRegen  0.10/turn              (no ring)

@: tree-form, hasted, very quick
A: stationary, stasis, torment immunity, boosted hp
a: no special abilities


You were on level 5 of the Dungeon.
You were a tree.
You visited 1 branch of the dungeon, and saw 5 of its levels.

You collected 277 gold pieces.

Inventory:

Hand Weapons
 a - a +0 war axe (weapon)
Missiles
 t - 18 sling bullets
Armour
 b - a +1 scale mail (melded)
 c - a +0 kite shield (worn)
 l - the +0 helmet of Thoughtfulness (melded) {rC+ Will+}
   (You acquired it on level 4 of the Dungeon)

   rC:        It protects you from cold.
   Will:      It increases your willpower.
 p - a +0 pair of gloves (melded)
Magical Staves
 i - a staff of fire
Jewellery
 r - the ring of Optimism (left branch) {Drain Fly rF+ Will+}
   (You acquired it on level 5 of the Dungeon)

   [ring of willpower]

   rF:        It protects you from fire.
   Fly:       It grants you flight.
   Drain:     It drains your maximum health when unequipped.
   Will:      It increases your willpower.
Scrolls
 j - a scroll of teleportation
 k - 4 scrolls of enchant armour
 o - 2 scrolls of vulnerability
Potions
 d - a potion of might
 e - a potion of magic {unknown}
 g - 3 potions of curing {unknown}
 h - a potion of heal wounds {unknown}
 m - a potion of haste
 n - a potion of flight {unknown}
 s - a potion of mutation {unknown}


   Skills:
 + Level 4.7 Fighting
 + Level 6.2 Axes
 + Level 4.5 Armour
 + Level 1.4 Dodging
 + Level 0.3 Stealth
 + Level 4.0 Shields


You had 5 spell levels left.
You didn't know any spells.
Your spell library contained the following spells:

 Spells                   Type           Power      Damage    Failure   Level
 Foxfire                  Conj/Fire      0%         2x1d4     87%         1
 Slow                     Hex            0%         N/A       95%         2
 Confusing Touch          Hex            0%         N/A       99%         3
 Conjure Flame            Conj/Fire      0%         6-21      99%         3
 Inner Flame              Hex/Fire       0%         N/A       99%         3
 Yara's Violent Unravell  Hex/Tmut       0%         3d3       100%        5


Dungeon Overview and Level Annotations

Branches:
Dungeon (5/15)
 Temple: D:4-7

Altars:
The Shining One

Shops:
D:4 [

Annotations:
D:5 daervis's ghost, amateur GrBe


Message History

There is a stone staircase leading up, spattered with blood here.
You see here an adder corpse.
Unknown command.
You slash the ogre!
The ogre is moderately wounded.
The ogre hits you with a +0 giant club!
Unknown command.
You hit the ogre.
The ogre is heavily wounded.
The ogre hits you with a +0 giant club!
* * * LOW HITPOINT WARNING * * *
Unknown command.
Sorry, you're not good enough to have a special ability.
Unknown command.
It was a potion of lignification.
You turn into a tree.
The +0 helmet of Thoughtfulness {rC+ Will+} melds into your body.
Your +0 pair of gloves melds into your body.
Your +1 scale mail melds into your body.
Your roots penetrate the ground.
You block the ogre's attack.
Unknown command.
You barely miss the ogre.
The ogre is heavily wounded.
The ogre hits you with a +0 giant club!
* * * LOW HITPOINT WARNING * * *
Unknown command.
It was a potion of haste.
You feel yourself speed up. The ogre hits you with a +0 giant club.
* * * LOW HITPOINT WARNING * * *
Unknown command.
You slash the ogre!
The ogre is almost dead.
You block the ogre's attack.
Unknown command.
You barely miss the ogre.
The ogre is almost dead.
Unknown command.
You hit the ogre.
The ogre is almost dead.
The ogre hits you with a +0 giant club!
You die...

#.......# #....#
#.......#####....#
#...............# .
#..............# .##
##...#.........# ....
##..............##Z...
#.......####.....#Z...
#.......######...#5..=
#.....<♣..# #..##.#..
##.....O#.####..# #
##..............# #
#........>####..# ##.
#.......#.####..## ....
#.......#...##...###.Z.#
##.............#...#####
##...#####.#..#........
##### #.(..........#


You could see an ogre.

Vanquished Creatures
  A necrophage (D:4)
  A scorpion (D:5)
  A water moccasin skeleton (D:5)
  An iguana (D:4)
  An orc wizard (D:3)
  5 adders
  An adder skeleton (D:4)
  A worm (D:2)
  2 dart slugs (D:4)
  4 orcs
  9 ball pythons
  2 bats
  9 endoplasms
  2 giant cockroaches
  5 goblins
  8 hobgoblins
  3 jackals (D:1)
  A quokka (D:4)
  A frilled lizard (D:3)
  3 kobolds
  3 rats
64 creatures vanquished.

Notes
Turn   | Place    | Note
-------+----------+-------------------------------------------
     0 | D:1      | Zonian the Hill Orc Fighter began the quest for the Orb.
     0 | D:1      | Reached XP level 1. HP: 19/19 MP: 1/1
   293 | D:1      | Reached XP level 2. HP: 24/27 MP: 2/2
   801 | D:2      | Found a faded altar of an unknown god.
   803 | D:2      | Reached skill level 3 in Axes
   899 | D:2      | Reached XP level 3. HP: 33/33 MP: 3/3
  1710 | D:3      | Found a glowing golden altar of the Shining One.
  1715 | D:3      | Reached XP level 4. HP: 40/40 MP: 4/4
  2041 | D:3      | Reached skill level 4 in Axes
  2354 | D:3      | Reached XP level 5. HP: 22/47 MP: 5/5
  2631 | D:4      | Noticed a necrophage
  2645 | D:4      | Killed a necrophage
  2646 | D:4      | Reached skill level 5 in Axes
  2892 | D:4      | Identified a scroll of acquirement
  2892 | D:4      | Acquired the +0 helmet of Thoughtfulness {rC+ Will+}
  3186 | D:4      | Reached XP level 6. HP: 44/53 MP: 6/6
  3252 | D:4      | Found Vido Xey's Antique Armour Shoppe.
  3577 | D:5      | Entered Level 5 of the Dungeon
  3599 | D:5      | Noticed daervis's ghost (amateur GrBe)
  3615 | D:5      | Acquired the ring of Optimism {Drain Fly rF+ Will+}
  3634 | D:5      | Reached skill level 6 in Axes
  3640 | D:5      | Reached skill level 1 in Dodging
  3665 | D:5      | HP: 2/53 [ogre (31)]
  4326 | D:5      | Mangled by an ogre

Illustrated notes

Levels and vault maps discovered:
D:1:      dpeg_arrival_simpleton_a, layout_basic
D:2:      layout_rooms, hellmonk_ecumenical_altar_prayer_group
D:3:      layout_rooms, amcnicky_altar_gilded
D:4:      layout_basic, serial_shops, kennysheep_little_box
D:5:      layout_rooms, gammafunk_ghost_icy, kennysheep_generic_room_15,
          uniq_eustachio

Skill      XL: |  1  2  3  4  5  6 |
---------------+-------------------+-----
Fighting       | 4 |  4.7
Axes           | 3 4 5 6 |  6.2
Armour         | 4 |  4.5
Shields        | 4 |  4.0
Dodging        | 1 |  1.4
Stealth        | |  0.3

Action                   |  1- 3 |  4- 6 || total
-------------------------+-------+-------++-------
Melee: War axe           |    71 |   146 ||   217
  Use: Scroll            |       |    11 ||    11
       Potion            |       |     2 ||     2
Armor: Scale mail        |    34 |    58 ||    92
Dodge: Dodged            |    28 |    43 ||    71
Block: Kite shield       |    33 |    63 ||    96
